AoeStats
← superkiller

Arena

508888303Analyzed
3v3 RM · 7d ago on Sep 24, 2026· 65m 23s· 6 players
Game mode
Random Map
Map size
Normal (6 player)
Population
200
Speed
Normal
Resources
Standard
Victory
Conquest
Starting age
Dark Age
Ending age
Imperial Age
RankedLock teamsTeams togetherTeam positionsShared explorationLock speedFull tech treeHidden civsTurbo modeCheats
Victory
Defeat
777
+14
🇹🇷 Britons · Türkiye
769
+15
🇬🇧 Maya · United Kingdom
734
+15
🇨🇳 Huns · China
749
-15
🇪🇸 Goths · Spain
747
-20
🇨🇳 Chinese · China
712
-14
31545054
6:43 Loom
16:48 Feudal Age
jescrina2004
0:39 Loom
14:00 Feudal Age
16:08 Wheelbarrow
20:28 Castle Age
18:24 Double-Bit Axe
18:35 Gold Mining
21:28 Stone Mining
23:12 Bow Saw
26:33 Hand Cart
25:55 Crossbowman
30:50 Pikeman
37:46 Imperial Age
39:49 Cavalier
40:56 Conscription
45:28 Scale Barding Armor
45:24 Scale Mail Armor
46:18 Heavy Scorpion
51:07 Elite Huskarl
53:34 Halberdier
superkiller
5:55 Loom
10:59 Feudal Age
15:19 Horse Collar
15:39 Double-Bit Axe
19:05 Wheelbarrow
22:25 Castle Age
22:38 Gold Mining
23:57 Stone Mining
24:49 Gold Shaft Mining
24:32 Bow Saw
27:43 Fortified Wall
29:00 Heavy Plow
34:26 Imperial Age
35:04 Fletching
35:15 Padded Archer Armor
35:52 Conscription
36:30 Hand Cart
36:38 Hand Cart
37:29 Squires
36:50 Pikeman
37:16 Arson
38:58 Two-Man Saw
39:10 Chemistry
38:56 Town Watch
38:43 Elite Skirmisher
40:15 Thumb Ring
40:16 Bodkin Arrow
41:39 Stone Shaft Mining
41:29 Great Wall
41:36 Great Wall
41:04 Halberdier
42:10 Town Patrol
43:00 Elite Chu Ko Nu
44:18 Bracer
44:33 Leather Archer Armor
44:29 Forging
44:20 Scale Mail Armor
44:51 Heavy Scorpion
44:53 Capped Ram
48:38 Siege Ram
LeafyTulip64
0:35 Loom
13:22 Feudal Age
14:00 Horse Collar
14:16 Double-Bit Axe
23:31 Castle Age
23:08 Fletching
23:26 Gold Mining
23:32 Stone Mining
25:00 Town Watch
25:52 Wheelbarrow
25:24 Heavy Plow
25:43 Bow Saw
25:43 Bodkin Arrow
28:40 Stone Shaft Mining
31:11 Padded Archer Armor
35:51 Imperial Age
34:15 Ballistics
33:56 Murder Holes
34:14 Fortified Wall
34:30 Caravan
34:56 Elite Skirmisher
35:43 Hul'che Javelineers
36:00 Town Patrol
36:21 Hand Cart
37:05 Bracer
37:39 Guard Tower
38:54 Chemistry
38:25 Conscription
38:16 Thumb Ring
38:45 Crop Rotation
40:20 Leather Archer Armor
42:21 Masonry
42:48 Keep
42:01 Treadmill Crane
43:56 Architecture
44:01 Ring Archer Armor
44:12 Hoardings
47:12 Capped Ram
47:29 Pikeman
48:13 Squires
47:59 Arson
48:30 Forging
48:20 Scale Mail Armor
48:27 Halberdier
49:51 Iron Casting
50:25 Siege Ram
52:31 Blast Furnace
51:48 Chain Mail Armor
56:39 Eagle Warrior
57:57 Holcans
[DasRotePferd] Melkfett Jizzus
5:24 Double-Bit Axe
7:58 Loom
13:02 Feudal Age
11:44 Horse Collar
12:53 Gold Mining
14:22 Bow Saw
14:37 Heavy Plow
19:18 Wheelbarrow
20:20 Hand Cart
20:24 Hand Cart
23:31 Castle Age
22:31 Gold Shaft Mining
21:47 Stone Mining
22:11 Forging
22:07 Scale Barding Armor
22:03 Padded Archer Armor
22:03 Scale Mail Armor
21:55 Fletching
21:55 Arson
25:36 Two-Man Saw
26:06 Stone Shaft Mining
27:00 Crop Rotation
27:07 Stone Shaft Mining
27:40 Husbandry
27:01 Light Cavalry
27:44 Squires
27:04 Pikeman
28:02 Chain Mail Armor
28:22 Iron Casting
28:08 Chain Barding Armor
28:04 Leather Archer Armor
27:44 Bodkin Arrow
33:57 Elite Skirmisher
35:33 Burgundian Vineyards
38:17 Imperial Age
36:40 Town Watch
38:00 Town Patrol
40:57 Chemistry
40:18 Ballistics
40:39 Conscription
40:59 Hoardings
42:31 Blast Furnace
42:07 Plate Barding Armor
42:03 Plate Mail Armor
41:34 Bracer
40:57 Elite Coustillier
41:05 Hussar
41:16 Halberdier
42:34 Cavalier
42:56 Man-at-Arms
47:20 Paladin
52:02 Long Swordsman
60:12 Sappers
60:10 Two-Handed Swordsman
60:17 Crossbowman
61:17 Devotion
61:38 Sanctity
61:44 Illumination
61:20 Atonement
61:32 Fervor
61:37 Block Printing
61:18 Herbal Medicine
61:34 Redemption
61:48 Siphons
61:33 Guard Tower
61:29 Arrowslits
62:04 Bombard Tower
61:55 Fortified Wall
61:41 Murder Holes
61:27 Treadmill Crane
61:57 Masonry
61:58 Careening
61:59 Clinker Construction
65:37 Faith
64:43 Spies/Treason
66:00 Keep
65:35 Incendiaries
Mert
0:36 Loom
14:18 Feudal Age
15:33 Double-Bit Axe
15:29 Horse Collar
20:25 Castle Age
22:21 Bow Saw
23:43 Stone Mining
24:16 Gold Mining
24:21 Town Watch
26:20 Gold Shaft Mining
27:40 Wheelbarrow
27:09 Heavy Plow
29:17 Hand Cart
29:13 Town Patrol
30:12 Treadmill Crane
30:53 Ballistics
32:01 Murder Holes
32:17 Fortified Wall
32:17 Masonry
36:03 Imperial Age
34:12 Yeomen
34:09 Padded Archer Armor
33:59 Fletching
34:20 Forging
34:10 Scale Mail Armor
34:15 Scale Barding Armor
34:43 Coinage
34:21 Caravan
35:16 Bodkin Arrow
35:38 Leather Archer Armor
37:06 Iron Casting
36:06 Elite Longbowman
37:08 Conscription
36:19 Sappers
37:24 Hoardings
37:14 Chain Mail Armor
37:11 Guilds
37:37 Banking
38:13 Two-Man Saw
39:47 Chemistry
38:33 Arrowslits
38:54 Siege Engineers
39:19 Architecture
38:53 Bracer
39:14 Chain Barding Armor
39:50 Ring Archer Armor
40:28 Warwolf
41:43 Blast Furnace
43:07 Plate Mail Armor
45:33 Plate Barding Armor
Connection lost

Rejoining the realm…

Still unreachable

The connection could not be restored.

Session expired

The server has moved on; the page needs a fresh start.